Workbook
Name Adm: PRESUPUESTO!$F$60
Name Imprev: PRESUPUESTO!$F$61
Name IvaSUtl: PRESUPUESTO!#REF!
Name SbtPpto: PRESUPUESTO!#REF!
Name TtlCD: PRESUPUESTO!$G$59
Name Utilidad: PRESUPUESTO!$F$62

Sheet PRESUPUESTO
A1: 2015.1 | B1: 2026.01 | E1: www.sagut.com | F1: ="Duración Obra " & G88 & " Días" -> Duración Obra 45 Días | G1: =G81 -> 63642182 | H1: Unit CD | I1: Unit CT | J1: Decimales | K1: Durac | L1: CT | M1: CD | N1: CASA | O1: =B2 -> CD | P1: DOBLECLIC AQUÍ PARA OCULTAR | AF1: C1 | AG1: C2 | AH1: C3 | AI1: C4 | AJ1: C5 | AK1: C6 | AR1: Valor Final del Contrato $ | AS1: =AS81 -> #REF! | AY1: Inicio | AZ1: Precios Base | CE1: =IF($A$2="CD",CG1,IF($A$2="CT",CH1,"Correg CT")) -> 0 | CF1: =ROUND(CD1 * CE1,$J$2) -> 0 | CI1: 1 | CK1: =ROUND(CH1 * CD1,$J$2) -> 0 | CL1: =ROUND(CG1 * CD1,$J$2) -> 0 | CM1: =CF1*$N$2 -> 0 | CS1: =CO1+CP1+CQ1+CR1 -> 0 | DF1: ="CAP. " &#REF! & ": " &#REF! -> #REF! | DG1: =ROW(#REF!) -> #REF! | DN1: =CD1 -> 0 | DP1: =DN1+DO1 -> 0 | DQ1: =CE1 -> 0 | DR1: =ROUND(DP1 * DQ1,$J$2) -> 0
A2: CD | B2: =IF($A$2="CD","CD",IF($A$2="CT","CT","")) -> CD | G2: =IF(INSUMOS!J2=1,"CHEQ. INSUMOS","Insumos ok.") -> Insumos ok. | H2: 2 | I2: 3 | J2: 0 | N2: 1 | AO2: Dobleclic para ocultar Cantidades Definitivas | AY2: Fin | BZ2: A | CA2: B | CB2: C | CC2: D | CD2: E | CE2: F | CF2: G | CG2: H | CH2: I | CI2: J | CJ2: K | CK2: L | CL2: M | CM2: N | CN2: O | CO2: P | CP2: Q | CQ2: R | CR2: S | CS2: T | CT2: U | CU2: V | CV2: W | CW2: X | CX2: Y | CY2: Z | CZ2: AA | DA2: AB | DB2: AC | DC2: AD | DD2: AE | DE2: AF | DF2: AG | DG2: AH | DH2: AI | DI2: AJ | DJ2: AK | DK2: AL | DL2: AM | DM2: AN | DN2: AO | DO2: AP | DP2: AQ | DQ2: AR | DR2: AS | DS2: AT | DT2: AU
AP3: =SUM(AP8:AP78) -> #REF!
AG4: ="CAP. " & $B$4 & ": " & $C$4 -> CAP. : | AH4: =ROW($B$4) -> 4 | AI4: ="SUBCAP. " & $B$4 & ": " & $C$4 -> SUBCAP. : | AJ4: =ROW($B$4) -> 4
P7: ITEMS POR COMPONENTES | AO7: CANTIDADES DEFINITIVAS DE OBRA
B8: PRESUPUESTO DE OBRA | P8: Otros | Q8: Equipo | R8: M. de Obra | S8: Materiales | T8: Unit CD | V8: 1 | AO8: PRESUP. | AP8: MODIF. | AQ8: CANT. DEFINIT. | AR8: VR.UNIT. | AS8: VR. DEFINIT.
B9: Objeto: | C9: PRESUPUESTO INTERVENCIÓN PUENTES GRAN COLOMBIA | F9: PROCESO No.
F10: FECHA: | G10: =TODAY() -> 46276
A12: ENCAB | B12: ITEM | C12: DESCRIPCION | D12: UND | E12: CANT. | F12: VR. UNIT | G12: =IF(N2>1,"VR. / " &N1,"VR.TOTAL") -> VR.TOTAL | H12: C.D. | I12: C.T. | K12: DURAC | L12: VR. TOTAL | M12: VR. C.D. | N12: ="Vr. " & N2 & " " &N1& "S" -> Vr. 1 CASAS | P12: Otros | Q12: Equipo | R12: M. de Obra | S12: Materiales | T12: Unit CD | V12: 1 | AO12: PRESUP. | AP12: =[1]ACTAS!L14 -> #REF! | AQ12: CANT. DEFINIT. | AR12: VR.UNIT. | AS12: VR. DEFINIT.
A14: CAP | B14: 1 | C14: PUENTE GRAN COLOMBIA | G14: =SUM(G15:G30) -> 44850022 | N14: =SUM(N15:N30) -> 44850022 | U14: =IF(G14<>"",N14-G14*$N$2,0) -> 0 | V14: . | AG14: ="CAP. " & $B$14 & ": " & $C$14 -> CAP. 1: PUENTE GRAN COLOMBIA | AH14: =ROW($B$14) -> 14 | AS14: =SUM(AS15:AS30) -> 44850022
A15: COD | AG15: ="CAP. " & $B$14 & ": " & $C$14 -> CAP. 1: PUENTE GRAN COLOMBIA | AH15: =ROW($B$14) -> 14
A16: 080108 | B16: 1.1 | C16: LOCALIZACION-REPLANTEO VIAS URBANAS | D16: M | E16: =MemoriaDeCant!AP25 -> 50 | F16: =IF($A$2="CD",H16,IF($A$2="CT",I16,"Correg CT")) -> 9643 | G16: =ROUND(E16 * F16,$J$2) -> 482150 | H16: =ANALISIS!H129 -> 9643 | I16: =ANALISIS!H136 -> #REF! | J16: 1 | K16: =ROUNDUP(ANALISIS!$I$115/$J$16,0) -> 1 | L16: =ROUND(I16 * E16,$J$2) -> #REF! | M16: =ROUND(H16 * E16,$J$2) -> 482150 | N16: =G16*$N$2 -> 482150 | P16: =ROUND(ANALISIS!H127*E16,0) -> 0 | Q16: =ROUND(ANALISIS!H123*E16,0) -> 44326 | R16: =ROUND(ANALISIS!H117*E16,0) -> 411820 | S16: =ROUND(ANALISIS!H112*E16,0) -> 26002 | T16: =P16+Q16+R16+S16 -> 482148 | AG16: ="CAP. " & $B$14 & ": " & $C$14 -> CAP. 1: PUENTE GRAN COLOMBIA | AH16: =ROW($B$14) -> 14 | AO16: =E16 -> 50 | AQ16: =AO16+AP16 -> 50 | AR16: =F16 -> 9643 | AS16: =ROUND(AQ16 * AR16,$J$2) -> 482150
A17: 100401 | B17: 1.2 | C17: DEMOLICION ANDEN/CONTRAPISO CONC.E 7.6 A 12CM | D17: M2 | E17: =MemoriaDeCant!AP52 -> 10 | F17: =IF($A$2="CD",H17,IF($A$2="CT",I17,"Correg CT")) -> 9153 | G17: =ROUND(E17 * F17,$J$2) -> 91530 | H17: =ANALISIS!H172 -> 9153 | I17: =ANALISIS!H179 -> #REF! | J17: 1 | K17: =ROUNDUP(ANALISIS!$I$159/$J$17,0) -> 1 | L17: =ROUND(I17 * E17,$J$2) -> #REF! | M17: =ROUND(H17 * E17,$J$2) -> 91530 | N17: =G17*$N$2 -> 91530 | P17: =ROUND(ANALISIS!H170*E17,0) -> 0 | Q17: =ROUND(ANALISIS!H166*E17,0) -> 2666 | R17: =ROUND(ANALISIS!H161*E17,0) -> 88861 | T17: =P17+Q17+R17+S17 -> 91527 | AG17: ="CAP. " & $B$14 & ": " & $C$14 -> CAP. 1: PUENTE GRAN COLOMBIA | AH17: =ROW($B$14) -> 14 | AO17: =E17 -> 10 | AQ17: =AO17+AP17 -> 10 | AR17: =F17 -> 9153 | AS17: =ROUND(AQ17 * AR17,$J$2) -> 91530
A18: 200129 | B18: 1.3 | C18: CONTRAPISO REFORZADO E=15CM 3.000Psi | D18: M2 | E18: =MemoriaDeCant!AP79 -> 10 | F18: =IF($A$2="CD",H18,IF($A$2="CT",I18,"Correg CT")) -> 125764 | G18: =ROUND(E18 * F18,$J$2) -> 1257640 | H18: =ANALISIS!H223 -> 125764 | I18: =ANALISIS!H230 -> #REF! | J18: 1 | K18: =ROUNDUP(ANALISIS!$I$210/$J$18,0) -> 1 | L18: =ROUND(I18 * E18,$J$2) -> #REF! | M18: =ROUND(H18 * E18,$J$2) -> 1257640 | N18: =G18*$N$2 -> 1257640 | P18: =ROUND(ANALISIS!H221*E18,0) -> 0 | Q18: =ROUND(ANALISIS!H217*E18,0) -> 11516 | R18: =ROUND(ANALISIS!H212*E18,0) -> 383882 | S18: =ROUND(ANALISIS!H207*E18,0) -> 862243 | T18: =P18+Q18+R18+S18 -> 1257641 | AG18: ="CAP. " & $B$14 & ": " & $C$14 -> CAP. 1: PUENTE GRAN COLOMBIA | AH18: =ROW($B$14) -> 14 | AO18: =E18 -> 10 | AQ18: =AO18+AP18 -> 10 | AR18: =F18 -> 125764 | AS18: =ROUND(AQ18 * AR18,$J$2) -> 1257640
A19: 120302 | B19: 1.4 | C19: VIGA CIMIENTO ENLACE H=51-60CM 3100PSI | D19: M3 | E19: =MemoriaDeCant!AP106 -> 1.2 | F19: =IF($A$2="CD",H19,IF($A$2="CT",I19,"Correg CT")) -> 1104165 | G19: =ROUND(E19 * F19,$J$2) -> 1324998 | H19: =ANALISIS!H275 -> 1104165 | I19: =ANALISIS!H282 -> #REF! | J19: 1 | K19: =ROUNDUP(ANALISIS!$I$261/$J$19,0) -> 1 | L19: =ROUND(I19 * E19,$J$2) -> #REF! | M19: =ROUND(H19 * E19,$J$2) -> 1324998 | N19: =G19*$N$2 -> 1324998 | P19: =ROUND(ANALISIS!H273*E19,0) -> 0 | Q19: =ROUND(ANALISIS!H269*E19,0) -> 8332 | R19: =ROUND(ANALISIS!H263*E19,0) -> 467609 | S19: =ROUND(ANALISIS!H258*E19,0) -> 849057 | T19: =P19+Q19+R19+S19 -> 1324998 | AG19: ="CAP. " & $B$14 & ": " & $C$14 -> CAP. 1: PUENTE GRAN COLOMBIA | AH19: =ROW($B$14) -> 14 | AO19: =E19 -> 1.2 | AQ19: =AO19+AP19 -> 1.2 | AR19: =F19 -> 1104165 | AS19: =ROUND(AQ19 * AR19,$J$2) -> 1324998
A20: 220607 | B20: 1.5 | C20: BARANDA-PASAM.LAMINA GALV 2,1/2x1,1/2x1,1/2 | D20: M | E20: =MemoriaDeCant!AP133 -> 30 | F20: =IF($A$2="CD",H20,IF($A$2="CT",I20,"Correg CT")) -> 394618 | G20: =ROUND(E20 * F20,$J$2) -> 11838540 | H20: =ANALISIS!H329 -> 394618 | I20: =ANALISIS!H336 -> #REF! | J20: 1 | K20: =ROUNDUP(ANALISIS!$I$315/$J$20,0) -> 14 | L20: =ROUND(I20 * E20,$J$2) -> #REF! | M20: =ROUND(H20 * E20,$J$2) -> 11838540 | N20: =G20*$N$2 -> 11838540 | P20: =ROUND(ANALISIS!H327*E20,0) -> 0 | Q20: =ROUND(ANALISIS!H323*E20,0) -> 145118 | R20: =ROUND(ANALISIS!H318*E20,0) -> 6708433 | S20: =ROUND(ANALISIS!H312*E20,0) -> 4984993 | T20: =P20+Q20+R20+S20 -> 11838544 | AG20: ="CAP. " & $B$14 & ": " & $C$14 -> CAP. 1: PUENTE GRAN COLOMBIA | AH20: =ROW($B$14) -> 14 | AO20: =E20 -> 30 | AQ20: =AO20+AP20 -> 30 | AR20: =F20 -> 394618 | AS20: =ROUND(AQ20 * AR20,$J$2) -> 11838540
A21: 140107 | B21: 1.6 | C21: MURO BLOQUE CONCRETO 14x19x39CM | D21: M2 | E21: =MemoriaDeCant!AP166 -> 5 | F21: =IF($A$2="CD",H21,IF($A$2="CT",I21,"Correg CT")) -> 90302 | G21: =ROUND(E21 * F21,$J$2) -> 451510 | H21: =ANALISIS!H381 -> 90302 | I21: =ANALISIS!H388 -> #REF! | J21: 1 | K21: =ROUNDUP(ANALISIS!$I$367/$J$21,0) -> 1 | L21: =ROUND(I21 * E21,$J$2) -> #REF! | M21: =ROUND(H21 * E21,$J$2) -> 451510 | N21: =G21*$N$2 -> 451510 | P21: =ROUND(ANALISIS!H379*E21,0) -> 0 | Q21: =ROUND(ANALISIS!H375*E21,0) -> 20465 | R21: =ROUND(ANALISIS!H369*E21,0) -> 100809 | S21: =ROUND(ANALISIS!H364*E21,0) -> 330237 | T21: =P21+Q21+R21+S21 -> 451511 | AG21: ="CAP. " & $B$14 & ": " & $C$14 -> CAP. 1: PUENTE GRAN COLOMBIA | AH21: =ROW($B$14) -> 14 | AO21: =E21 -> 5 | AQ21: =AO21+AP21 -> 5 | AR21: =F21 -> 90302 | AS21: =ROUND(AQ21 * AR21,$J$2) -> 451510
A22: 100619 | B22: 1.7 | C22: RELLENO ROCAMUERTA COMPACT-RANA | D22: M3 | E22: =MemoriaDeCant!AP193 -> 1.8 | F22: =IF($A$2="CD",H22,IF($A$2="CT",I22,"Correg CT")) -> 90340 | G22: =ROUND(E22 * F22,$J$2) -> 162612 | H22: =ANALISIS!H432 -> 90340 | I22: =ANALISIS!H439 -> #REF! | J22: 1 | K22: =ROUNDUP(ANALISIS!$I$418/$J$22,0) -> 1 | L22: =ROUND(I22 * E22,$J$2) -> #REF! | M22: =ROUND(H22 * E22,$J$2) -> 162612 | N22: =G22*$N$2 -> 162612 | P22: =ROUND(ANALISIS!H430*E22,0) -> 0 | Q22: =ROUND(ANALISIS!H426*E22,0) -> 6138 | R22: =ROUND(ANALISIS!H420*E22,0) -> 57640 | S22: =ROUND(ANALISIS!H415*E22,0) -> 98834 | T22: =P22+Q22+R22+S22 -> 162612 | AG22: ="CAP. " & $B$14 & ": " & $C$14 -> CAP. 1: PUENTE GRAN COLOMBIA | AH22: =ROW($B$14) -> 14 | AO22: =E22 -> 1.8 | AQ22: =AO22+AP22 -> 1.8 | AR22: =F22 -> 90340 | AS22: =ROUND(AQ22 * AR22,$J$2) -> 162612
A23: 131125 | B23: 1.8 | C23: ANCLAJE HIERRO ,1/2"-PERFORACION ,3/4" 21-25C | D23: PUNTO | E23: =MemoriaDeCant!AP220 -> 17 | F23: =IF($A$2="CD",H23,IF($A$2="CT",I23,"Correg CT")) -> 39361 | G23: =ROUND(E23 * F23,$J$2) -> 669137 | H23: =ANALISIS!H484 -> 39361 | I23: =ANALISIS!H491 -> #REF! | J23: 1 | K23: =ROUNDUP(ANALISIS!$I$469/$J$23,0) -> 1 | L23: =ROUND(I23 * E23,$J$2) -> #REF! | M23: =ROUND(H23 * E23,$J$2) -> 669137 | N23: =G23*$N$2 -> 669137 | P23: =ROUND(ANALISIS!H482*E23,0) -> 0 | Q23: =ROUND(ANALISIS!H478*E23,0) -> 75212 | R23: =ROUND(ANALISIS!H472*E23,0) -> 265942 | S23: =ROUND(ANALISIS!H466*E23,0) -> 327975 | T23: =P23+Q23+R23+S23 -> 669129 | AG23: ="CAP. " & $B$14 & ": " & $C$14 -> CAP. 1: PUENTE GRAN COLOMBIA | AH23: =ROW($B$14) -> 14 | AO23: =E23 -> 17 | AQ23: =AO23+AP23 -> 17 | AR23: =F23 -> 39361 | AS23: =ROUND(AQ23 * AR23,$J$2) -> 669137
A24: 120101 | B24: 1.9 | C24: ACERO REFUERZO FLEJADO 60000 PSI 420Mpa | D24: KG | E24: =MemoriaDeCant!AP247 -> 136.67 | F24: =IF($A$2="CD",H24,IF($A$2="CT",I24,"Correg CT")) -> 6098 | G24: =ROUND(E24 * F24,$J$2) -> 833414 | H24: =ANALISIS!H534 -> 6098 | I24: =ANALISIS!H541 -> #REF! | J24: 1 | K24: =ROUNDUP(ANALISIS!$I$521/$J$24,0) -> 1 | L24: =ROUND(I24 * E24,$J$2) -> #REF! | M24: =ROUND(H24 * E24,$J$2) -> 833414 | N24: =G24*$N$2 -> 833414 | P24: =ROUND(ANALISIS!H532*E24,0) -> 0 | Q24: =ROUND(ANALISIS!H528*E24,0) -> 6011 | R24: =ROUND(ANALISIS!H523*E24,0) -> 120235 | S24: =ROUND(ANALISIS!H518*E24,0) -> 707158 | T24: =P24+Q24+R24+S24 -> 833404 | AG24: ="CAP. " & $B$14 & ": " & $C$14 -> CAP. 1: PUENTE GRAN COLOMBIA | AH24: =ROW($B$14) -> 14 | AO24: =E24 -> 136.67 | AQ24: =AO24+AP24 -> 136.67 | AR24: =F24 -> 6098 | AS24: =ROUND(AQ24 * AR24,$J$2) -> 833414
A25: 131405 | B25: 1.10 | C25: PERFIL IPE-360 | D25: M | E25: =MemoriaDeCant!AP274 -> 30 | F25: =IF($A$2="CD",H25,IF($A$2="CT",I25,"Correg CT")) -> 731018 | G25: =ROUND(E25 * F25,$J$2) -> 21930540 | H25: =ANALISIS!H591 -> 731018 | I25: =ANALISIS!H598 -> #REF! | J25: 1 | K25: =ROUNDUP(ANALISIS!$I$572/$J$25,0) -> 2 | L25: =ROUND(I25 * E25,$J$2) -> #REF! | M25: =ROUND(H25 * E25,$J$2) -> 21930540 | N25: =G25*$N$2 -> 21930540 | P25: =ROUND(ANALISIS!H589*E25,0) -> 0 | Q25: =ROUND(ANALISIS!H585*E25,0) -> 1125718 | R25: =ROUND(ANALISIS!H576*E25,0) -> 4835841 | S25: =ROUND(ANALISIS!H569*E25,0) -> 15968996 | T25: =P25+Q25+R25+S25 -> 21930555 | AG25: ="CAP. " & $B$14 & ": " & $C$14 -> CAP. 1: PUENTE GRAN COLOMBIA | AH25: =ROW($B$14) -> 14 | AO25: =E25 -> 30 | AQ25: =AO25+AP25 -> 30 | AR25: =F25 -> 731018 | AS25: =ROUND(AQ25 * AR25,$J$2) -> 21930540
A26: 130817 | B26: 1.11 | C26: LOSA CONCRETO STEEL DECK 2" E=14.1-15.0C | D26: M2 | E26: =MemoriaDeCant!AP301 -> 15 | F26: =IF($A$2="CD",H26,IF($A$2="CT",I26,"Correg CT")) -> 121055 | G26: =ROUND(E26 * F26,$J$2) -> 1815825 | H26: =ANALISIS!H645 -> 121055 | I26: =ANALISIS!H652 -> #REF! | J26: 1 | K26: =ROUNDUP(ANALISIS!$I$630/$J$26,0) -> 1 | L26: =ROUND(I26 * E26,$J$2) -> #REF! | M26: =ROUND(H26 * E26,$J$2) -> 1815825 | N26: =G26*$N$2 -> 1815825 | P26: =ROUND(ANALISIS!H643*E26,0) -> 0 | Q26: =ROUND(ANALISIS!H639*E26,0) -> 28248 | R26: =ROUND(ANALISIS!H633*E26,0) -> 759643 | S26: =ROUND(ANALISIS!H627*E26,0) -> 1027940 | T26: =P26+Q26+R26+S26 -> 1815831 | AG26: ="CAP. " & $B$14 & ": " & $C$14 -> CAP. 1: PUENTE GRAN COLOMBIA | AH26: =ROW($B$14) -> 14 | AO26: =E26 -> 15 | AQ26: =AO26+AP26 -> 15 | AR26: =F26 -> 121055 | AS26: =ROUND(AQ26 * AR26,$J$2) -> 1815825
A27: 130809 | B27: 1.12 | C27: LAMINA METALDECK 2" CAL.16 COLABORANTE" | D27: M2 | E27: =MemoriaDeCant!AP328 -> 15 | F27: =IF($A$2="CD",H27,IF($A$2="CT",I27,"Correg CT")) -> 102912 | G27: =ROUND(E27 * F27,$J$2) -> 1543680 | H27: =ANALISIS!H688 -> 102912 | I27: =ANALISIS!H695 -> #REF! | J27: 1 | K27: =ROUNDUP(ANALISIS!$I$680/$J$27,0) -> 1 | L27: =ROUND(I27 * E27,$J$2) -> #REF! | M27: =ROUND(H27 * E27,$J$2) -> 1543680 | N27: =G27*$N$2 -> 1543680 | P27: =ROUND(ANALISIS!H686*E27,0) -> 0 | R27: =ROUND(ANALISIS!H682*E27,0) -> 86382 | S27: =ROUND(ANALISIS!H677*E27,0) -> 1457295 | T27: =P27+Q27+R27+S27 -> 1543677 | AG27: ="CAP. " & $B$14 & ": " & $C$14 -> CAP. 1: PUENTE GRAN COLOMBIA | AH27: =ROW($B$14) -> 14 | AO27: =E27 -> 15 | AQ27: =AO27+AP27 -> 15 | AR27: =F27 -> 102912 | AS27: =ROUND(AQ27 * AR27,$J$2) -> 1543680
A28: 131502 | B28: 1.13 | C28: TUBO ESTRUCTURAL 100x100x6.3MM | D28: M | E28: =MemoriaDeCant!AP355 -> 11 | F28: =IF($A$2="CD",H28,IF($A$2="CT",I28,"Correg CT")) -> 222586 | G28: =ROUND(E28 * F28,$J$2) -> 2448446 | H28: =ANALISIS!H745 -> 222586 | I28: =ANALISIS!H752 -> #REF! | J28: 1 | K28: =ROUNDUP(ANALISIS!$I$726/$J$28,0) -> 1 | L28: =ROUND(I28 * E28,$J$2) -> #REF! | M28: =ROUND(H28 * E28,$J$2) -> 2448446 | N28: =G28*$N$2 -> 2448446 | P28: =ROUND(ANALISIS!H743*E28,0) -> 0 | Q28: =ROUND(ANALISIS!H739*E28,0) -> 144671 | R28: =ROUND(ANALISIS!H730*E28,0) -> 518177 | S28: =ROUND(ANALISIS!H723*E28,0) -> 1785600 | T28: =P28+Q28+R28+S28 -> 2448448 | AG28: ="CAP. " & $B$14 & ": " & $C$14 -> CAP. 1: PUENTE GRAN COLOMBIA | AH28: =ROW($B$14) -> 14 | AO28: =E28 -> 11 | AQ28: =AO28+AP28 -> 11 | AR28: =F28 -> 222586 | AS28: =ROUND(AQ28 * AR28,$J$2) -> 2448446
F29: =IF($A$2="CD",H29,IF($A$2="CT",I29,"Correg CT")) -> 0 | G29: =ROUND(E29 * F29,$J$2) -> 0 | J29: 1 | L29: =ROUND(I29 * E29,$J$2) -> 0 | M29: =ROUND(H29 * E29,$J$2) -> 0 | N29: =G29*$N$2 -> 0 | T29: =P29+Q29+R29+S29 -> 0 | AG29: ="CAP. " &#REF! & ": " &#REF! -> #REF! | AH29: =ROW(#REF!) -> #REF! | AO29: =E29 -> 0 | AQ29: =AO29+AP29 -> 0 | AR29: =F29 -> 0 | AS29: =ROUND(AQ29 * AR29,$J$2) -> 0
AG30: ="CAP. " & $B$14 & ": " & $C$14 -> CAP. 1: PUENTE GRAN COLOMBIA | AH30: =ROW($B$14) -> 14
A31: STCAP | F31: =IF(C14="ESCRIBA AQUÍ EL NOMBRE DEL CAPITULO","SUBTOTAL","SUBTOTAL CAP. "&B14&" "&C14&":") -> SUBTOTAL CAP. 1 PUENTE GRAN COLOMBIA: | G31: =SUM(G15:G30) -> 44850022 | N31: =SUM(N15:N30) -> 44850022 | P31: =SUM(P14:P30) -> 0 | Q31: =SUM(Q14:Q30) -> 1618421 | R31: =SUM(R14:R30) -> 14805274 | S31: =SUM(S14:S30) -> 28426330 | T31: =SUM(T14:T30) -> 44850025 | AG31: ="CAP. " & $B$14 & ": " & $C$14 -> CAP. 1: PUENTE GRAN COLOMBIA | AH31: =ROW($B$14) -> 14 | AS31: =SUM(AS15:AS30) -> 44850022
N32: =IF($A$2="CD",#REF!-#REF!,IF($A$2="CT",#REF!-#REF!,"")) -> #REF!
A33: SUBTTLOC | F33: VALOR COSTOS DIRECTOS OBRA CIVIL | N33: =+G33*$N$2 -> 0 | P33: =SUM(P13:P31)/2 -> 0 | AR33: VALOR COSTOS DIRECTOS OBRA CIVIL
N34: =IF($A$2="CD",M33-N33,IF($A$2="CT",L33-N33,"")) -> 0
A35: SUBTTLSM | F35: VALOR COSTOS DIRECTOS SUMINISTRO | N35: =+G35*$N$2 -> 0 | P35: =SUM(P13:P33)/2 -> 0 | AR35: VALOR COSTOS DIRECTOS SUMINISTRO
G36: =IF((G33+G35)<>SbtPpto,"NO COINCIDEN LOS SUBTOTALES","") -> #REF! | N36: =IF($A$2="CD",M35-N35,IF($A$2="CT",L35-N35,"")) -> 0
A37: COSTINDOC | C37: COSTOS INDIRECTOS OBRA CIVIL | AO37: COSTOS INDIRECTOS OBRA CIVIL
A38: TTLCDOC | F38: VALOR COSTOS DIRECTOS OBRA CIVIL | G38: =G33 -> 0 | N38: =G38*$N$2 -> 0 | AR38: VALOR COSTOS DIRECTOS OBRA CIVIL | AS38: =AS33 -> 0
A39: ADMOC | E39: ADMINISTRACION | F39: 0.22 | G39: =ROUND(G38*F39,0) -> 0 | N39: =G39*$N$2 -> 0 | AQ39: ADMINISTRACION | AR39: =F39 -> 0.22 | AS39: =ROUND(AS38*AR39,0) -> 0
A40: IMPROC | E40: IMPREVISTOS | F40: 0.03 | G40: =ROUND(G38*F40,0) -> 0 | N40: =G40*$N$2 -> 0 | AQ40: IMPREVISTOS | AR40: =F40 -> 0.03 | AS40: =ROUND(AS38*AR40,0) -> 0
A41: UTLOC | E41: UTILIDAD | F41: 0.05 | G41: =ROUND(G38*F41,0) -> 0 | N41: =G41*$N$2 -> 0 | AQ41: UTILIDAD | AR41: =F41 -> 0.05 | AS41: =ROUND(AS38*AR41,0) -> 0
A42: TTLAIUOC | E42: TOTAL AIU | F42: =SUM(F39:F41) -> 0.3 | G42: =SUM(G39:G41) -> 0 | M42: =+TtlCD*M40 -> 0 | N42: =G42*$N$2 -> 0 | AQ42: TOTAL AIU | AR42: =SUM(AR39:AR41) -> 0.3 | AS42: =SUM(AS39:AS41) -> 0
A43: IVAOC | E43: IVA SOBRE LA UTILIDAD | F43: 0.19 | G43: =ROUND(G41*F43,0)-(M44) -> 0 | N43: =G43*$N$2 -> 0 | AQ43: IVA SOBRE LA UTILIDAD | AR43: =F43 -> 0.19 | AS43: =ROUND(AS41*AR43,0)-(AY44) -> 0
A44: TTLPPTOOC | F44: VALOR TOTAL PRESUPUESTO DE OBRA CIVIL | G44: =G38+G42+G43 -> 0 | H44: =+H42+H38+H43 -> 0 | I44: =ROUND(G44-G33,4) -> 0 | J44: =+J42+J38+J43 -> 0 | K44: =+K42+K38+K43 -> 0 | L44: =+L42+L38+L43 -> 0 | N44: =G44*$N$2 -> 0 | AR44: VALOR TOTAL PRESUPUESTO DE OBRA CIVIL | AS44: =AS38+AS42+AS43 -> 0
A46: COSTINDSM | C46: COSTOS INDIRECTOS SUMINISTRO | AO46: COSTOS INDIRECTOS SUMINISTRO
A47: TTLCDSM | F47: VALOR COSTOS DIRECTOS SUMINISTRO | G47: =G35 -> 0 | N47: =G47*$N$2 -> 0 | AR47: VALOR COSTOS DIRECTOS SUMINISTRO | AS47: =AS35 -> 0
A48: ADMSM | E48: ADMINISTRACION | F48: 0.17 | G48: =ROUND(G47*F48,0) -> 0 | N48: =G48*$N$2 -> 0 | AQ48: ADMINISTRACION | AR48: =F48 -> 0.17 | AS48: =ROUND(AS47*AR48,0) -> 0
A49: IMPRSM | E49: IMPREVISTOS | F49: 0.01 | G49: =ROUND(G47*F49,0) -> 0 | M49: =1+(Adm+Imprev+Utilidad+IvaSUtl*Utilidad) -> #REF! | N49: =G49*$N$2 -> 0 | AQ49: IMPREVISTOS | AR49: =F49 -> 0.01 | AS49: =ROUND(AS47*AR49,0) -> 0
A50: UTLSM | E50: UTILIDAD | F50: 0.01 | G50: =ROUND(G47*F50,0) -> 0 | N50: =G50*$N$2 -> 0 | AQ50: UTILIDAD | AR50: =F50 -> 0.01 | AS50: =ROUND(AS47*AR50,0) -> 0
A51: TTLAIUSM | E51: TOTAL AIU | F51: =SUM(F48:F50) -> 0.19 | G51: =SUM(G48:G50) -> 0 | M51: =+TtlCD*M49 -> #REF! | N51: =G51*$N$2 -> 0 | AQ51: TOTAL AIU | AR51: =SUM(AR48:AR50) -> 0.19 | AS51: =SUM(AS48:AS50) -> 0
A52: IVASM | E52: IVA SOBRE LA UTILIDAD | F52: 0.19 | G52: =ROUND(G50*F52,0)-(M53) -> 0 | N52: =G52*$N$2 -> 0 | AQ52: IVA SOBRE LA UTILIDAD | AR52: =F52 -> 0.19 | AS52: =ROUND(AS50*AR52,0)-(AY53) -> 0
A53: TTLPPTOSM | F53: VALOR TOTAL PRESUPUESTO DE SUMINISTRO | G53: =G47+G51+G52 -> 0 | H53: =+H51+H47+H52 -> 0 | I53: =ROUND(G53-G35,4) -> 0 | J53: =+J51+J47+J52 -> 0 | K53: =+K51+K47+K52 -> 0 | L53: =+L51+L47+L52 -> 0 | N53: =G53*$N$2 -> 0 | AR53: VALOR TOTAL PRESUPUESTO DE SUMINISTRO | AS53: =AS47+AS51+AS52 -> 0
A56: COSTIND | C56: COSTOS INDIRECTOS | AO56: COSTOS INDIRECTOS
A57: TTLOC | F57: COSTO TOTAL OBRA CIVIL | G57: =G44 -> 0 | AR57: COSTO TOTAL OBRA CIVIL | AS57: =AS44 -> 0
A58: TTLSM | F58: COSTO TOTAL SUMINISTRO | G58: =G53 -> 0 | AR58: COSTO TOTAL SUMINISTRO | AS58: =AS53 -> 0
A59: TTLCD | F59: VALOR COSTOS DIRECTOS | G59: =G31 -> 44850022 | N59: =G59*$N$2 -> 44850022 | AR59: VALOR COSTOS DIRECTOS | AS59: =ROUND(IF($A$2="CD",#REF!,IF($A$2="CT",#REF!/(1+(Adm + Imprev + Utilidad + IvaSUtl*Utilidad)))),0) -> #REF!
A60: ADM | E60: ADMINISTRACION | F60: 0.209 | G60: =ROUND(G59*F60,0) -> 9373655 | N60: =G60*$N$2 -> 9373655 | AQ60: ADMINISTRACION | AR60: =F60 -> 0.209 | AS60: =ROUND(AS59*AR60,0) -> #REF!
A61: IMPR | E61: IMPREVISTOS | F61: 0.05 | G61: =ROUND(G59*F61,0) -> 2242501 | M61: =1+(Adm+Imprev+Utilidad+IvaSUtl*Utilidad) -> #REF! | N61: =G61*$N$2 -> 2242501 | AQ61: IMPREVISTOS | AR61: =F61 -> 0.05 | AS61: =ROUND(AS59*AR61,0) -> #REF!
A62: UTL | E62: UTILIDAD | F62: 0.08 | G62: =ROUND(G59*F62,0) -> 3588002 | N62: =G62*$N$2 -> 3588002 | AQ62: UTILIDAD | AR62: =F62 -> 0.08 | AS62: =ROUND(AS59*AR62,0) -> #REF!
A63: TTLAIU | E63: TOTAL AIU | F63: =SUM(F60:F62) -> 0.339 | G63: =SUM(G60:G62) -> 15204158 | M63: =+TtlCD*M61 -> #REF! | N63: =G63*$N$2 -> 15204158 | AQ63: TOTAL AIU | AR63: =SUM(AR60:AR62) -> 0.339 | AS63: =SUM(AS60:AS62) -> #REF!
A64: TTLPPTO | F64: COSTOS DIRECTOS + INDIRECTOS | G64: =G59+G63 -> 60054180 | H64: =+H63+H59+#REF! -> #REF! | I64: =ROUND(G64-#REF!,4) -> #REF! | J64: =+J63+J59+#REF! -> #REF! | K64: =+K63+K59+#REF! -> #REF! | L64: =+L63+L59+#REF! -> #REF! | N64: =G64*$N$2 -> 60054180 | AR64: COSTOS DIRECTOS + INDIRECTOS | AS64: =AS59+AS63+#REF! -> #REF!
F65: Incremento por transporte 8% | G65: =G31*8% -> 3588001.8
A66: IVAMANT | E66: IVA SOBRE COSTOS DIRECTOS + INDIRECTOS | F66: 0 | G66: =G64*F66 -> 0 | AQ66: IVA SOBRE C. DIRECTOS + INDIRECTOS | AR66: 0 | AS66: =AS64*AR66 -> #REF!
A67: SubTtlConIVAttl | F67: SUBTOTAL CD + IND + IVA | G67: =G66+G64 -> 60054180 | AR67: SUBTOTAL CD + IND + IVA | AS67: =AS66+AS64 -> #REF!
A69: INTERV | E69: INTERVENTORIA OBRA | F69: 0 | AQ69: INTERVENTORIA | AR69: =F69 -> 0
A71: OUT_AIU | C71: ITEMS POR FUERA DE AIU: | AO71: ITEMS POR FUERA DE AIU
A75: SBTOUTAIU | F75: SUBTOTAL ITEMS FUERA DE AIU: | G75: =SUM(G71:G74)/3 -> 0 | AR75: SUBTOTAL ITEMS FUERA DE AIU: | AS75: =SUM(AS71:AS74)/3 -> 0
A76: IVAITFAIU | E76: IVA A ITEMS FUERA DE AIU: | F76: 0 | G76: =ROUND(G75*F76,0) -> 0 | AQ76: IVA A ITEMS FUERA DE AIU: | AR76: 0 | AS76: =ROUND(AS75*AR76,0) -> 0
A77: STOUTAIU | F77: ="VALOR TOTAL " & C71 -> VALOR TOTAL ITEMS POR FUERA DE AIU: | G77: =SUM(G71:G74)/3 -> 0 | P77: =SUM(P71:P72)/2 -> 0 | Q77: =SUM(Q71:Q72)/2 -> 0 | R77: =SUM(R71:R72)/2 -> 0 | S77: =SUM(S71:S72)/2 -> 0 | T77: =SUM(T71:T72)/2 -> 0 | AR77: ="VALOR TOTAL " & AO71 -> VALOR TOTAL ITEMS POR FUERA DE AIU | AS77: =SUM(AS71:AS74)/3 -> 0
A79: INTERVOUT | E79: ="INTERVENTORIA A " & C71 -> INTERVENTORIA A ITEMS POR FUERA DE AIU: | F79: 0 | AQ79: ="INTERV. A " & AO71 -> INTERV. A ITEMS POR FUERA DE AIU | AR79: 0.01
A81: TTLPPTOF | F81: VALOR TOTAL PRESUPUESTO | G81: =G64+G65 -> 63642182 | P81: =#REF!+P77 -> #REF! | Q81: =#REF!+Q77 -> #REF! | R81: =#REF!+R77 -> #REF! | S81: =#REF!+S77 -> #REF! | T81: =#REF!+T77 -> #REF! | AR81: VALOR TOTAL CONTRATO | AS81: =AS64 -> #REF!
A83: VRLTR | C83: =IF(N2>1,"VALOR " &E7 & " POR " &N1& ":","VALOR TOTAL " & E7 & ":") -> VALOR TOTAL :
C84: SESENTA Y TRES MILLONES SEISCIENTOS CUARENTA Y DOS MIL CIENTO OCHENTA Y DOS PESOS
A88: DURAC | D88: PLAZO DE ENTREGA: (DIAS CALENDARIO) | G88: 45
I89: =IF(G89>9,#REF! / G89 * 8,0) -> 0

Sheet ANALISIS
B1: 1 | D1: Aplicación SAGUT Cel. 310 824 6976 | F1: ="Duración" & PRESUPUESTO!G88 & " Días" -> Duración45 Días | G1: Vr. Presup. | H1: =PRESUPUESTO!G1 -> 63642182 | O1: 1.8 | P1: % Prestaciones Sociales | Q1: calima
A2: =PRESUPUESTO!A2 -> CD | I2: 1 | O2: 0.05 | P2: de M.O. (Herram. Menor) | Q2: calima | R2: 0.1
A3: 0 | B3: =IF($A$3=3,-1,IF($A$3=1,0,$A$3)) -> 0 | D3: =PRESUPUESTO!A2 -> CD | E3: =SUM(F3:H3) -> 0.339 | F3: =Adm -> 0.209 | G3: =Imprev -> 0.05 | H3: =Utilidad -> 0.08 | I3: =PRESUPUESTO!#REF! -> #REF! | J3: MODIF
C4: =PRESUPUESTO!B7
C5: ANALISIS DE PRECIOS UNITARIOS DEL PRESUPUESTO
C6: =PRESUPUESTO!C9 -> PRESUPUESTO INTERVENCIÓN PUENTES GRAN COLOMBIA | G6: PROCESO No. | H6: =PRESUPUESTO!G9 -> 0
G7: FECHA: | H7: =PRESUPUESTO!G10 -> 46276
A10: InicioAPU | C10: ANALSIS DE PRECIOS UNITARIOS | H10: ="No. " & COUNTIF(A$3:A15,"ITEM*") & " DE " & COUNTIF(A$3:A$99678,"ITEM*") -> No. 1 DE 21
A11: NoPrev | C11: ITEM DE LA PROPUESTA ECONÓMICA | D11: X | F11: ITEM NO PREVISTO
A13: DESCRIP | C13: DESCRIPCION | F13: ITEM | G13: UND. ITEM | H13: CANT. ITEM | I13: CANT. TOTAL | J13: VR. TOTAL
A14: ITEM ME0206 | C14: MORTERO DE PEGA PARA BLOQUE | F14: BASICO | G14: M3 | I14: =I362 -> 0.075
A16: G1 | C16: MATERIALES | D16: UNIDAD | E16: ="CANT. / " & G14 -> CANT. / M3 | F16: % DESPERD. | G16: PRECIO UNIT. | H16: VALOR UNITARIO
A17: 100124 | B17: AGREGADOS | C17: ARENA MEDIA DE RIO Y/O DE TRITURACIÓN | D17: M3 | E17: 1 | F17: 1 | G17: 59900 | H17: =TRUNC(E17* (1 + F17 / 100) * G17,2) -> 60499 | I17: =E17 * (1 + F17 / 100) * I14 -> 0.07575 | J17: =I14*H17 -> 4537.425
A18: 100558 | B18: CEMENTOS | C18: CEMENTO GRIS PORTLAND | D18: KG | E18: 345 | F18: 1 | G18: 683 | H18: =TRUNC(E18* (1 + F18 / 100) * G18,2) -> 237991.35 | I18: =E18 * (1 + F18 / 100) * I14 -> 26.13375 | J18: =I14*H18 -> 17849.351
A19: 100053 | B19: OTROS MATERIALES | C19: AGUA | D19: LT | E19: 203 | G19: 78 | H19: =TRUNC(E19* (1 + F19 / 100) * G19,2) -> 15834 | I19: =E19 * (1 + F19 / 100) * I14 -> 15.225 | J19: =I14*H19 -> 1187.55
A20: 106149 | B20: AGREGADOS | C20: CAL HIDRATADA | D20: KG | E20: 78 | F20: 1 | G20: 1908 | H20: =TRUNC(E20* (1 + F20 / 100) * G20,2) -> 150312.24 | I20: =E20 * (1 + F20 / 100) * I14 -> 5.9085 | J20: =I14*H20 -> 11273.418
A22: STG1 | G22: SUBTOTAL MATERIALES | H22: =SUM(H16:H21) -> 464636.59 | J22: =SUM(J16:J21) -> 34847.744
A23: ESP1
A24: G2 | C24: MANO DE OBRA | D24: JORNAL | E24: F.PREST. | F24: JORNAL+PS | G24: REND. M3 / DIA | H24: VR. UNIT
A25: 200007 | C25: M.O. 1 AYUDANTE + 1 OFICIAL | D25: 213268 | E25: 1.8 | F25: =TRUNC(D25*E25,0) -> 383882 | G25: 6.4 | H25: =IFERROR(TRUNC(F25/G25,2),0) -> 59981.56 | I25: =I14/G25 -> 0.01171875 | J25: =I14*H25 -> 4498.617
A27: STG2 | G27: SUBTOTAL MANO DE OBRA | H27: =SUM(H24:H26) -> 59981.56 | J27: =SUM(J24:J26) -> 4498.617
A28: ESP2
A29: G3 | C29: EQUIPO | D29: REF. | E29: UNIDAD | F29: CANTIDAD | G29: TARIIFA | H29: VALOR UNITARIO
A30: 300026 | B30: EQUIPO | C30: HERRAMIENTA MENOR | E30: % de MO | F30: 0.01 | G30: =H27 -> 59981.56 | H30: =TRUNC(F30 * G30,2) -> 599.81 | I30: =I14 * F30 -> 0.00075 | J30: =I14*H30 -> 44.98575
A32: STG3 | G32: SUBTOTAL EQUIPO | H32: =SUM(H29:H31) -> 599.81 | J32: =SUM(J29:J31) -> 44.98575
A33: ESP3
A34: G4 | C34: TRANSPORTES | D34: Cantidad | E34: Distancia | F34: Cant. x Dist. | G34: TARIIFA | H34: VALOR UNITARIO
A36: STG4 | G36: SUBTOTAL TRANSPORTES | H36: =SUM(H34:H35) -> 0 | J36: =SUM(J34:J35) -> 0
A37: ESP4
A38: C.D. | F38: COSTO DIRECTO | H38: =IF($A$2="CD",ROUND(SUM(H15:H37)/2,$A$3),SUM(H15:H37)/2) -> 525218 | J38: =IF($A$2="CD",ROUND(SUM(J15:J37)/2,$A$3),SUM(J15:J37)/2) -> 39391
A39: Obs
C41: OBSERVACIONES:
C45: CONTRATISTA | F45: INTERVENTOR
C48: Firma | F48: Firma
C49: Nombre: | F49: Nombre:
C50: Representante Legal del Contratista o su Apoderado | F50: Representante Legal del Interventor o su Apoderado
A51: FinAPU
A54: InicioAPU | C54: ANALSIS DE PRECIOS UNITARIOS | H54: ="No. " & COUNTIF(A$3:A59,"ITEM*") & " DE " & COUNTIF(A$3:A$99678,"ITEM*") -> No. 2 DE 21
A55: NoPrev | C55: ITEM DE LA PROPUESTA ECONÓMICA | D55: X | F55: ITEM NO PREVISTO
A57: DESCRIP | C57: DESCRIPCION | F57: ITEM | G57: UND. ITEM | H57: CANT. ITEM | I57: CANT. TOTAL | J57: VR. TOTAL
A58: ITEM ME0105 | C58: MEZCLA CONCRETO 1:2:3 3100 PSI - 22,0 Mpa | F58: BASICO | G58: M3 | I58: =I205+I256+I625 -> 4.635
A60: G1 | C60: MATERIALES | D60: UNIDAD | E60: ="CANT. / " & G58 -> CANT. / M3 | F60: % DESPERD. | G60: PRECIO UNIT. | H60: VALOR UNITARIO
A61: 100053 | B61: OTROS MATERIALES | C61: AGUA | D61: LT | E61: 190 | F61: 3 | G61: 78 | H61: =TRUNC(E61* (1 + F61 / 100) * G61,2) -> 15264.6 | I61: =E61 * (1 + F61 / 100) * I58 -> 907.0695 | J61: =I58*H61 -> 70751.421
A62: 100123 | B62: AGREGADOS | C62: ARENA DE TRITURACIÓN Y/O ARENA GRUESA DE RIO | D62: M3 | E62: 0.56 | F62: 3 | G62: 54944 | H62: =TRUNC(E62* (1 + F62 / 100) * G62,2) -> 31691.69 | I62: =E62 * (1 + F62 / 100) * I58 -> 2.673468 | J62: =I58*H62 -> 146890.98
A63: 100962 | B63: AGREGADOS | C63: GRAVA TRITURADA 3/4" | D63: M3 | E63: 0.84 | F63: 3 | G63: 92068 | H63: =TRUNC(E63* (1 + F63 / 100) * G63,2) -> 79657.23 | I63: =E63 * (1 + F63 / 100) * I58 -> 4.010202 | J63: =I58*H63 -> 369211.26
A64: 100932 | B64: ADITIVOS | C64: GASOLINA CORRIENTE | D64: GLN | E64: 0.1 | G64: 17613 | H64: =TRUNC(E64* (1 + F64 / 100) * G64,2) -> 1761.3 | I64: =E64 * (1 + F64 / 100) * I58 -> 0.4635 | J64: =I58*H64 -> 8163.6255
A65: 100558 | B65: CEMENTOS | C65: CEMENTO GRIS PORTLAND | D65: KG | E65: 350 | F65: 3 | G65: 683 | H65: =TRUNC(E65* (1 + F65 / 100) * G65,2) -> 246221.5 | I65: =E65 * (1 + F65 / 100) * I58 -> 1670.9175 | J65: =I58*H65 -> 1141236.7
A66: 100011 | B66: ADITIVOS | C66: ACEITE MOTOR 4 TIEMPOS | D66: GLN | E66: 0.006 | G66: 123272 | H66: =TRUNC(E66* (1 + F66 / 100) * G66,2) -> 739.63 | I66: =E66 * (1 + F66 / 100) * I58 -> 0.02781 | J66: =I58*H66 -> 3428.1851
A68: STG1 | G68: SUBTOTAL MATERIALES | H68: =SUM(H60:H67) -> 375335.95 | J68: =SUM(J60:J67) -> 1739682.1
A69: ESP1
A70: G2 | C70: MANO DE OBRA | D70: JORNAL | E70: F.PREST. | F70: JORNAL+PS | G70: REND. M3 / DIA | H70: VR. UNIT
A71: 200010 | B71: MANO DE OBRA | C71: M.O. 3 AYUDANTES | D71: 236964 | E71: 1.8 | F71: =TRUNC(D71*E71,0) -> 426535 | G71: 5.4 | H71: =IFERROR(TRUNC(F71/G71,2),0) -> 78987.96 | I71: =I58/G71 -> 0.85833333 | J71: =I58*H71 -> 366109.19
A72: 200100 | B72: MANO DE OBRA | C72: M.O. 1 OFICIAL | D72: 134280 | E72: 1.8 | F72: =TRUNC(D72*E72,0) -> 241704 | G72: 16 | H72: =IFERROR(TRUNC(F72/G72,2),0) -> 15106.5 | I72: =I58/G72 -> 0.2896875 | J72: =I58*H72 -> 70018.628
A74: STG2 | G74: SUBTOTAL MANO DE OBRA | H74: =SUM(H70:H73) -> 94094.46 | J74: =SUM(J70:J73) -> 436127.82
A75: ESP2
A76: G3 | C76: EQUIPO | D76: REF. | E76: UNIDAD | F76: CANTIDAD | G76: TARIIFA | H76: VALOR UNITARIO
A77: 308003 | B77: EQUIPO | C77: MEZCLADORA DE 9 PIES CUBICOS | E77: H | F77: 0.48 | G77: 5414 | H77: =TRUNC(F77 * G77,2) -> 2598.72 | I77: =I58 * F77 -> 2.2248 | J77: =I58*H77 -> 12045.067
A78: 300026 | B78: EQUIPO | C78: HERRAMIENTA MENOR | E78: % de MO | F78: 0.07 | G78: =H74 -> 94094.46 | H78: =TRUNC(F78 * G78,2) -> 6586.61 | I78: =I58 * F78 -> 0.32445 | J78: =I58*H78 -> 30528.937
A80: STG3 | G80: SUBTOTAL EQUIPO | H80: =SUM(H76:H79) -> 9185.33 | J80: =SUM(J76:J79) -> 42574.005
A81: ESP3
A82: G4 | C82: TRANSPORTES | D82: Cantidad | E82: Distancia | F82: Cant. x Dist. | G82: TARIIFA | H82: VALOR UNITARIO
A84: STG4 | G84: SUBTOTAL TRANSPORTES | H84: =SUM(H82:H83) -> 0 | J84: =SUM(J82:J83) -> 0
A85: ESP4
A86: C.D. | F86: COSTO DIRECTO | H86: =IF($A$2="CD",ROUND(SUM(H59:H85)/2,$A$3),SUM(H59:H85)/2) -> 478616 | J86: =IF($A$2="CD",ROUND(SUM(J59:J85)/2,$A$3),SUM(J59:J85)/2) -> 2218384
A87: Obs
C89: OBSERVACIONES:
C93: CONTRATISTA | F93: INTERVENTOR
C96: Firma | F96: Firma
C97: Nombre: | F97: Nombre:
C98: Representante Legal del Contratista o su Apoderado | F98: Representante Legal del Interventor o su Apoderado
A99: FinAPU
A102: InicioAPU | C102: ANALSIS DE PRECIOS UNITARIOS | H102: ="No. " & COUNTIF(A$3:A107,"ITEM*") & " DE " & COUNTIF(A$3:A$99678,"ITEM*") -> No. 3 DE 21
A103: NoPrev | C103: ITEM DE LA PROPUESTA ECONÓMICA | D103: X | F103: ITEM NO PREVISTO
A105: DESCRIP | C105: DESCRIPCION | F105: ITEM | G105: UND. ITEM | H105: CANT. ITEM | I105: CANT. TOTAL | J105: VR. TOTAL
A106: ITEM 080108 | C106: LOCALIZACION-REPLANTEO VIAS URBANAS | F106: =PRESUPUESTO!$B$16 -> 1.1 | G106: M | H106: =PRESUPUESTO!$E$16 -> 50 | I106: =H106 -> 50
A108: G1 | C108: MATERIALES | D108: UNIDAD | E108: ="CANT. / " & G106 -> CANT. / M | F108: % DESPERD. | G108: PRECIO UNIT. | H108: VALOR UNITARIO
A109: 115010 | C109: INSUMOS COMPLEMENTARIOS | D109: GLB | E109: 0.4 | G109: 867 | H109: =TRUNC(E109* (1 + F109 / 100) * G109,2) -> 346.8 | I109: =E109 * (1 + F109 / 100) * I106 -> 20 | J109: =I106*H109 -> 17340
A110: 103093 | B110: VARIOS | C110: PLANO | D110: UND | E110: 0.012 | G110: 14437 | H110: =TRUNC(E110* (1 + F110 / 100) * G110,2) -> 173.24 | I110: =E110 * (1 + F110 / 100) * I106 -> 0.6 | J110: =I106*H110 -> 8662
A112: STG1 | G112: SUBTOTAL MATERIALES | H112: =SUM(H108:H111) -> 520.04 | J112: =SUM(J108:J111) -> 26002
A113: ESP1
A114: G2 | C114: MANO DE OBRA | D114: JORNAL | E114: F.PREST. | F114: JORNAL+PS | G114: REND. M / DIA | H114: VR. UNIT
A115: 200028 | B115: MANO DE OBRA | C115: M.O. TOPOGRAFIA 2 CADENERO + 1 TOPOG. | D115: 639458 | E115: 1.63 | F115: =TRUNC(D115*E115,0) -> 1042316 | G115: 126.55 | H115: =IFERROR(TRUNC(F115/G115,2),0) -> 8236.39 | I115: =I106/G115 -> 0.39510075 | J115: =I106*H115 -> 411819.5
A117: STG2 | G117: SUBTOTAL MANO DE OBRA | H117: =SUM(H114:H116) -> 8236.39 | J117: =SUM(J114:J116) -> 411819.5
A118: ESP2
A119: G3 | C119: EQUIPO | D119: REF. | E119: UNIDAD | F119: CANTIDAD | G119: TARIIFA | H119: VALOR UNITARIO
A120: 308000 | C120: CAMPERO-CAMIONETA TRANSPORTE MATERIALES | E120: DIA | F120: 0.002 | G120: 360898 | H120: =TRUNC(F120 * G120,2) -> 721.79 | I120: =I106 * F120 -> 0.1 | J120: =I106*H120 -> 36089.5
A121: 300026 | B121: EQUIPO | C121: HERRAMIENTA MENOR | E121: % de MO | F121: 0.02 | G121: =H117 -> 8236.39 | H121: =TRUNC(F121 * G121,2) -> 164.72 | I121: =I106 * F121 -> 1 | J121: =I106*H121 -> 8236
A123: STG3 | G123: SUBTOTAL EQUIPO | H123: =SUM(H119:H122) -> 886.51 | J123: =SUM(J119:J122) -> 44325.5
A124: ESP3
A125: G4 | C125: TRANSPORTES | D125: Cantidad | E125: Distancia | F125: Cant. x Dist. | G125: TARIIFA | H125: VALOR UNITARIO
A127: STG4 | G127: SUBTOTAL TRANSPORTES | H127: =SUM(H125:H126) -> 0 | J127: =SUM(J125:J126) -> 0
A128: ESP4
A129: C.D. | F129: COSTO DIRECTO | H129: =IF($A$2="CD",ROUND(SUM(H107:H128)/2,$A$3),SUM(H107:H128)/2) -> 9643 | J129: =IF($A$2="CD",ROUND(SUM(J107:J128)/2,$A$3),SUM(J107:J128)/2) -> 482147
A130: EM_AIU | C130: COSTOS INDIRECTOS
A131: ADM | C131: ADMINISTRACION | F131: =$F$3 -> 0.209 | H131: =ROUND(H129*F131,2) -> 2015.39
A132: IMP | C132: IMPREVISTOS | F132: =$G$3 -> 0.05 | H132: =ROUND(H129*F132,2) -> 482.15
A133: UTL | C133: UTILIDAD | F133: =$H$3 -> 0.08 | H133: =ROUND(H129*F133,2) -> 771.44
A134: IVA | C134: IVA SOBRE LA UTILIDAD | F134: =$I$3 -> #REF! | H134: =ROUND(H133*F134,2) -> #REF!
A135: STAIU | C135: TOTAL COSTOS INDIRECTOS | H135: =SUM(H131:H134) -> #REF!
A136: TTL | F136: VALOR TOTAL ITEM | H136: =ROUND(H129+H135,$A$3) -> #REF! | J136: =IF($A$3=2,ROUND((J129+J135),2),ROUND((J129+J135),0)) -> 482147
...

Sheet INSUMOS
C5: =+PRESUPUESTO!B7
C6: RESUMEN DE INSUMOS
C7: =PRESUPUESTO!C9 -> PRESUPUESTO INTERVENCIÓN PUENTES GRAN COLOMBIA | I7: PROCESO No. | J7: =PRESUPUESTO!G9 -> 0
I8: FECHA: | J8: =PRESUPUESTO!G10 -> 46276
A10: CODIGO | C10: DESCRIPCION | D10: UND | G10: CANT. | I10: VR. UNIT. | J10: VR. TOTAL
A14: G1 | C14: MATERIALES | J14: =SUM(J15:J58) -> 36828558
A15: CODIGO | B15: CLASIF | C15: DESCRIPCION | D15: UND | G15: =IF($B$3>1,"CANT. / " &$B$1,"CANT.") -> CANT. | I15: VR. UNIT. | J15: =IF($B$3>1,"VR. / " &$B$1,"VR.TOTAL") -> VR.TOTAL
A16: 100011 | B16: ADITIVOS | C16: ACEITE MOTOR 4 TIEMPOS | D16: GLN | E16: =C16&D16 -> ACEITE MOTOR 4 TIEMPOSGLN | F16: 1 | G16: 0.04581 | H16: 739.63 | I16: 123272 | J16: =G16*I16 -> 5647.0903
A17: 101010 | B17: HIERROS | C17: ACERO DE REFUERZO 1/2" 60.000 FIGURADO | D17: KG | E17: =C17&D17 -> ACERO DE REFUERZO 1/2" 60.000 FIGURADOKG | F17: 1 | G17: 39.2 | H17: 3573.6 | I17: 4467 | J17: =G17*I17 -> 175106.4
A18: 101008 | B18: HIERROS | C18: ACERO DE REFUERZO 60.000 PSI 420 MPA | D18: KG | E18: =C18&D18 -> ACERO DE REFUERZO 60.000 PSI 420 MPAKG | F18: 1 | G18: 140.7701 | H18: 4601.01 | I18: 4467 | J18: =G18*I18 -> 628820.04
A19: 106015 | B19: ADITIVOS | C19: ADHES. ANCL. ESTR. 600ML TIPO ANCHORFIX 3001 | D19: UND | E19: =C19&D19 -> ADHES. ANCL. ESTR. 600ML TIPO ANCHORFIX 3001UND | F19: 1 | G19: 2.9694 | H19: 14145.79 | I19: 233429 | J19: =G19*I19 -> 693144.07
A20: 100053 | B20: OTROS MATERIALES | C20: AGUA | D20: LT | E20: =C20&D20 -> AGUALT | F20: 1 | G20: 922.2945 | H20: 15834 | I20: 78 | J20: =G20*I20 -> 71938.971
A21: 100076 | B21: HIERROS | C21: ALAMBRE NEGRO PARA AMARRE CALIBRE 18 | D21: KG | E21: =C21&D21 -> ALAMBRE NEGRO PARA AMARRE CALIBRE 18KG | F21: 1 | G21: 5.4668 | H21: 262.76 | I21: 6569 | J21: =G21*I21 -> 35911.409
A22: 100109 | B22: PINTURAS | C22: ANTICORROSIVO ROJO | D22: GLN | E22: =C22&D22 -> ANTICORROSIVO ROJOGLN | F22: 1 | G22: 2.614 | H22: 5109.6 | I22: 102192 | J22: =G22*I22 -> 267129.89
A23: 100123 | B23: AGREGADOS | C23: ARENA DE TRITURACIÓN Y/O ARENA GRUESA DE RIO | D23: M3 | E23: =C23&D23 -> ARENA DE TRITURACIÓN Y/O ARENA GRUESA DE RIOM3 | F23: 1 | G23: 2.673468 | H23: 31691.69 | I23: 54944 | J23: =G23*I23 -> 146891.03
A24: 100124 | B24: AGREGADOS | C24: ARENA MEDIA DE RIO Y/O DE TRITURACIÓN | D24: M3 | E24: =C24&D24 -> ARENA MEDIA DE RIO Y/O DE TRITURACIÓNM3 | F24: 1 | G24: 0.07575 | H24: 60499 | I24: 59900 | J24: =G24*I24 -> 4537.425
A25: 100217 | B25: BLOQUES - LADRILLOS | C25: BLOQUE CONCRETO M 14X19X19 | D25: UND | E25: =C25&D25 -> BLOQUE CONCRETO M 14X19X19UND | F25: 1 | G25: 10.2 | H25: 5210.16 | I25: 2554 | J25: =G25*I25 -> 26050.8
A26: 100221 | B26: BLOQUES - LADRILLOS | C26: BLOQUE CONCRETO N 14X19X39 | D26: UND | E26: =C26&D26 -> BLOQUE CONCRETO N 14X19X39UND | F26: 1 | G26: 51 | H26: 45787.8 | I26: 4489 | J26: =G26*I26 -> 228939
A27: 100225 | B27: BLOQUES - LADRILLOS | C27: BLOQUE CONCRETO T 14X19X39 | D27: UND | E27: =C27&D27 -> BLOQUE CONCRETO T 14X19X39UND | F27: 1 | G27: 7.65 | H27: 7171.11 | I27: 4687 | J27: =G27*I27 -> 35855.55
... A36: 100962 | B36: AGREGADOS | C36: GRAVA TRITURADA 3/4" | D36: M3 | E36: =C36&D36 -> GRAVA TRITURADA 3/4"M3 | F36: 1 | G36: 4.010202 | H36: 79657.23 | I36: 92068 | J36: =G36*I36 -> 369211.28
A37: 115010 | C37: INSUMOS COMPLEMENTARIOS | D37: GLB | E37: =C37&D37 -> INSUMOS COMPLEMENTARIOSGLB | F37: 1 | G37: 20 | H37: 346.8 | I37: 867 | J37: =G37*I37 -> 17340
A38: 106135 | B38: CUBIERTA | C38: LAMINA METALDECK CAL.16 - 2" | D38: M2 | E38: =C38&D38 -> LAMINA METALDECK CAL.16 - 2"M2 | F38: 1 | G38: 15 | H38: 97153 | I38: 97153 | J38: =G38*I38 -> 1457295
A39: 101116 | B39: OTROS MATERIALES | C39: LIJA AGUA 320 - 9"X11" (23X28CM) | D39: UND | E39: =C39&D39 -> LIJA AGUA 320 - 9"X11" (23X28CM)UND | F39: 1 | G39: 154 | H39: 3538 | I39: 1769 | J39: =G39*I39 -> 272426
A40: 101117 | B40: OTROS MATERIALES | C40: LIJA AGUA 400 - 9"X11" (23X28CM) | D40: UND | E40: =C40&D40 -> LIJA AGUA 400 - 9"X11" (23X28CM)UND | F40: 1 | G40: 21.15 | H40: 796.05 | I40: 1769 | J40: =G40*I40 -> 37414.35
A41: 101168 | C41: MALLA ELEC. M-0.84 / DO84 | D41: KG | E41: =C41&D41 -> MALLA ELEC. M-0.84 / DO84KG | F41: 1 | G41: 13.566 | H41: 8883.01 | I41: 6548 | J41: =G41*I41 -> 88830.168
A42: 105123 | B42: HIERROS | C42: PERFIL IPE-360X170X12M | D42: UND | E42: =C42&D42 -> PERFIL IPE-360X170X12MUND | F42: 1 | G42: 2.6145 | H42: 510697.25 | I42: 5859980 | J42: =G42*I42 -> 15320918
A43: 103093 | B43: VARIOS | C43: PLANO | D43: UND | E43: =C43&D43 -> PLANOUND | F43: 1 | G43: 0.6 | H43: 173.24 | I43: 14437 | J43: =G43*I43 -> 8662.2
A44: 101507 | B44: HIERROS | C44: PUNTILLA CON CABEZA 1-1/2" | D44: LB | E44: =C44&D44 -> PUNTILLA CON CABEZA 1-1/2"LB | F44: 1 | G44: 0.5 | H44: 259.55 | I44: 5191 | J44: =G44*I44 -> 2595.5
A45: 101509 | C45: PUNTILLA CON CABEZA 2" | D45: LB | E45: =C45&D45 -> PUNTILLA CON CABEZA 2"LB | F45: 1 | G45: 1.275 | H45: 5191 | I45: 5191 | J45: =G45*I45 -> 6618.525
A46: 101587 | B46: AGREGADOS | C46: ROCA MUERTA | D46: M3 | E46: =C46&D46 -> ROCA MUERTAM3 | F46: 1 | G46: 2.34 | H46: 52794.3 | I46: 40611 | J46: =G46*I46 -> 95029.74
A47: 101605 | B47: VARIOS | C47: SEGUETA SIN MARCO PARA METAL 12" X 24DDP | D47: UND | E47: =C47&D47 -> SEGUETA SIN MARCO PARA METAL 12" X 24DDPUND | F47: 1 | G47: 5.521468 | H47: 310.43 | I47: 7684 | J47: =G47*I47 -> 42426.96
A48: 101197 | B48: PINTURAS | C48: SELLAPANEL DRYWALL PREMEZCLADA | D48: CUÑETE | E48: =C48&D48 -> SELLAPANEL DRYWALL PREMEZCLADACUÑETE | F48: 1 | G48: 5.4978 | H48: 5060.47 | I48: 70875 | J48: =G48*I48 -> 389656.58
A49: 101651 | B49: CARP. METALICA | C49: SOLDADURA 6011 X 1/8" | D49: KG | E49: =C49&D49 -> SOLDADURA 6011 X 1/8"KG | F49: 1 | G49: 79.09 | H49: 26353.74 | I49: 25837 | J49: =G49*I49 -> 2043448.3
A50: 101652 | B50: CARP. METALICA | C50: SOLDADURA 7018 X 1/8" | D50: KG | E50: =C50&D50 -> SOLDADURA 7018 X 1/8"KG | F50: 1 | G50: 15 | H50: 13540.5 | I50: 27081 | J50: =G50*I50 -> 406215
A51: 101715 | B51: MADERAS | C51: TABLA OTOBO [1C] 1X08X300 CM | D51: UND | E51: =C51&D51 -> TABLA OTOBO [1C] 1X08X300 CMUND | F51: 1 | G51: 3.35 | H51: 5289.31 | I51: 15789 | J51: =G51*I51 -> 52893.15
A52: 101718 | C52: TABLA OTOBO [2C] 1X10X300 CM | D52: UND | E52: =C52&D52 -> TABLA OTOBO [2C] 1X10X300 CMUND | F52: 1 | G52: 10.302 | H52: 156805.02 | I52: 18265 | J52: =G52*I52 -> 188166.03
A53: 101717 | B53: MADERAS | C53: TABLA OTOBO 1X10X300 CM | D53: UND | E53: =C53&D53 -> TABLA OTOBO 1X10X300 CMUND | F53: 1 | G53: 2.2725 | H53: 3217.86 | I53: 21240 | J53: =G53*I53 -> 48267.9
A54: 117202 | C54: TUBO CERR. GALV. 2.3MM - 2-1/2" X 6M | D54: UND | E54: =C54&D54 -> TUBO CERR. GALV. 2.3MM - 2-1/2" X 6MUND | F54: 1 | G54: 13.3518 | H54: 43538.65 | I54: 251088 | J54: =G54*I54 -> 3352476.8
A55: 102125 | B55: CARP. METALICA | C55: TUBO CERR. GALV. 2.5MM - 1-1/2" X 6M | D55: UND | E55: =C55&D55 -> TUBO CERR. GALV. 2.5MM - 1-1/2" X 6MUND | F55: 1 | G55: 26.7036 | H55: 58397.99 | I55: 168391 | J55: =G55*I55 -> 4496645.9
A56: 105170 | B56: HIERROS | C56: TUBO ESTRUC. 100 X 6.3MM X 6 M | D56: UND | E56: =C56&D56 -> TUBO ESTRUC. 100 X 6.3MM X 6 MUND | F56: 1 | G56: 1.87 | H56: 152973.31 | I56: 899843 | J56: =G56*I56 -> 1682706.4
A57: 102387 | C57: VARETA 2"X2"X3M | D57: UND | E57: =C57&D57 -> VARETA 2"X2"X3MUND | F57: 1 | G57: 5.454 | H57: 43004.79 | I57: 9462 | J57: =G57*I57 -> 51605.748
A58: 102440 | B58: PINTURAS | C58: WASH PRIMER COMPONENTE A+B | D58: LT | E58: =C58&D58 -> WASH PRIMER COMPONENTE A+BLT | F58: 1 | G58: 27.489 | H58: 29277.57 | I58: 82010 | J58: =G58*I58 -> 2254372.9
A61: G2 | C61: MANO DE OBRA | J61: =SUM(J62:J75) -> 26670726
A62: CODIGO | B62: CLASIF | C62: DESCRIPCION | D62: UND | G62: =IF($B$3>1,"CANT. / " &$B$1,"CANT.") -> CANT. | I62: VR. UNIT. | J62: =IF($B$3>1,"VR. / " &$B$1,"VR.TOTAL") -> VR.TOTAL
A63: 200006 | B63: MANO DE OBRA | C63: M.O. 1 AYUDANTE | D63: Jorn+PS | E63: =C63&D63 -> M.O. 1 AYUDANTEJorn+PS | F63: 2 | G63: 1.5294279 | H63: 8886.12 | I63: 142178 | J63: =G63*I63 -> 217451
A64: 200007 | C64: M.O. 1 AYUDANTE + 1 OFICIAL | D64: Jorn+PS | E64: =C64&D64 -> M.O. 1 AYUDANTE + 1 OFICIALJorn+PS | F64: 2 | G64: 2.7650547 | H64: 59981.56 | I64: 383882 | J64: =G64*I64 -> 1061454.7
A65: 200100 | B65: MANO DE OBRA | C65: M.O. 1 OFICIAL | D65: Jorn+PS | E65: =C65&D65 -> M.O. 1 OFICIALJorn+PS | F65: 2 | G65: 0.2896875 | H65: 15106.5 | I65: 241704 | J65: =G65*I65 -> 70018.628
A66: 200008 | B66: MANO DE OBRA | C66: M.O. 2 AYUDANTES | D66: Jorn+PS | E66: =C66&D66 -> M.O. 2 AYUDANTESJorn+PS | F66: 2 | G66: 1.9089656 | H66: 32022.07 | I66: 284356 | J66: =G66*I66 -> 542825.82
A67: 200009 | C67: M.O. 2 AYUDANTES + 1 OFICIAL | D67: Jorn+PS | E67: =C67&D67 -> M.O. 2 AYUDANTES + 1 OFICIALJorn+PS | F67: 2 | G67: 0.88888889 | H67: 389674.07 | I67: 526060 | J67: =G67*I67 -> 467608.89
A68: 200010 | B68: MANO DE OBRA | C68: M.O. 3 AYUDANTES | D68: Jorn+PS | E68: =C68&D68 -> M.O. 3 AYUDANTESJorn+PS | F68: 2 | G68: 0.85833333 | H68: 78987.96 | I68: 426535 | J68: =G68*I68 -> 366109.21
A69: 200011 | B69: MANO DE OBRA | C69: M.O. 3 AYUDANTES + 1 OFICIAL | D69: Jorn+PS | E69: =C69&D69 -> M.O. 3 AYUDANTES + 1 OFICIALJorn+PS | F69: 2 | G69: 0.9375 | H69: 41764.93 | I69: 668239 | J69: =G69*I69 -> 626474.06
A70: 200017 | B70: MANO DE OBRA | C70: M.O. CARP.TALLER 1 AYUDANTE + 1 OFICIAL | D70: Jorn+PS | E70: =C70&D70 -> M.O. CARP.TALLER 1 AYUDANTE + 1 OFICIALJorn+PS | F70: 2 | G70: 1.9432224 | H70: 8445.42 | I70: 422271 | J70: =G70*I70 -> 820566.47
A71: 200030 | B71: MANO DE OBRA | C71: M.O. CARP.TALLER 2 AYUDANTES + 1 OFICIAL | D71: Jorn+PS | E71: =C71&D71 -> M.O. CARP.TALLER 2 AYUDANTES + 1 OFICIALJorn+PS | F71: 2 | G71: 6.7567568 | H71: 142178.37 | I71: 631272 | J71: =G71*I71 -> 4265351.4
A72: 200023 | B72: MANO DE OBRA | C72: M.O. METALISTERIA 1 AYUDANTE + 1 OFICIAL | D72: Jorn+PS | E72: =C72&D72 -> M.O. METALISTERIA 1 AYUDANTE + 1 OFICIALJorn+PS | F72: 2 | G72: 33.77193 | H72: 202043.42 | I72: 460659 | J72: =G72*I72 -> 15557343
A73: 200026 | B73: MANO DE OBRA | C73: M.O. PINTURA 1 AYUDANTE + 1 OFICIAL | D73: Jorn+PS | E73: =C73&D73 -> M.O. PINTURA 1 AYUDANTE + 1 OFICIALJorn+PS | F73: 2 | G73: 1.5701058 | H73: 4798.52 | I73: 383882 | J73: =G73*I73 -> 602735.34
A74: 200028 | B74: MANO DE OBRA | C74: M.O. TOPOGRAFIA 2 CADENERO + 1 TOPOG. | D74: Jorn+PS | E74: =C74&D74 -> M.O. TOPOGRAFIA 2 CADENERO + 1 TOPOG.Jorn+PS | F74: 2 | G74: 0.39510075 | H74: 8236.39 | I74: 1042316 | J74: =G74*I74 -> 411819.83
A75: 207104 | B75: MANO DE OBRA | C75: SUBCONTRATO CARPINTERIA ALUMINIO | D75: GLB | E75: =C75&D75 -> SUBCONTRATO CARPINTERIA ALUMINIOGLB | F75: 2 | G75: 166.0967 | H75: 21571 | I75: 10000 | J75: =G75*I75 -> 1660967
A78: G3 | C78: EQUIPO | J78: =SUM(J79:J89) -> 2042395.6
A79: CODIGO | B79: CLASIF | C79: DESCRIPCION | D79: UND | G79: =IF($B$3>1,"CANT. / " &$B$1,"CANT.") -> CANT. | I79: VR. UNIT. | J79: =IF($B$3>1,"VR. / " &$B$1,"VR.TOTAL") -> VR.TOTAL
A80: 300002 | B80: EQUIPO | C80: ANDAMIO METALICO CERTIFICADO ALTURAS | D80: U/D | E80: =C80&D80 -> ANDAMIO METALICO CERTIFICADO ALTURASU/D | F80: 3 | G80: 17.4 | H80: 3488.2 | I80: 17441 | J80: =G80*I80 -> 303473.4
A81: 308000 | C81: CAMPERO-CAMIONETA TRANSPORTE MATERIALES | D81: DIA | E81: =C81&D81 -> CAMPERO-CAMIONETA TRANSPORTE MATERIALESDIA | F81: 3 | G81: 0.1 | H81: 721.79 | I81: 360898 | J81: =G81*I81 -> 36089.8
A82: 300057 | B82: EQUIPO | C82: COMPACTADOR MANUAL VIBRATORIO (RANA) CON MOTOR DE 6 HP | D82: H | E82: =C82&D82 -> COMPACTADOR MANUAL VIBRATORIO (RANA) CON MOTOR DE 6 HPH | F82: 3 | G82: 0.864 | H82: 3089.76 | I82: 6437 | J82: =G82*I82 -> 5561.568
A83: 300035 | B83: EQUIPO | C83: EQUIPO DE OXICORTE Y SOLDADURA, CAPACIDAD DE CORTE 6"-14" | D83: H | E83: =C83&D83 -> EQUIPO DE OXICORTE Y SOLDADURA, CAPACIDAD DE CORTE 6"-14"H | F83: 3 | G83: 53.28 | H83: 7241.6 | I83: 4526 | J83: =G83*I83 -> 241145.28
A84: 300026 | B84: EQUIPO | C84: HERRAMIENTA MENOR | D84: % de MO | E84: =C84&D84 -> HERRAMIENTA MENOR% de MO | F84: 3 | H84: 599.81 | J84: 385384.59
A85: 308003 | B85: EQUIPO | C85: MEZCLADORA DE 9 PIES CUBICOS | D85: H | E85: =C85&D85 -> MEZCLADORA DE 9 PIES CUBICOSH | F85: 3 | G85: 2.2248 | H85: 2598.72 | I85: 5414 | J85: =G85*I85 -> 12045.067
A86: 300040 | B86: EQUIPO | C86: PULIDORA CON PIEDRA O DISCO | D86: DIA | E86: =C86&D86 -> PULIDORA CON PIEDRA O DISCODIA | F86: 3 | G86: 6.33 | H86: 7506.6 | I86: 37533 | J86: =G86*I86 -> 237583.89
A87: 300048 | B87: EQUIPO | C87: SOLDADOR ELECTRICO | D87: DIA | E87: =C87&D87 -> SOLDADOR ELECTRICODIA | F87: 3 | G87: 16.175 | H87: 4837.25 | I87: 38698 | J87: =G87*I87 -> 625940.15
A88: 301008 | B88: EQUIPO | C88: TALADRO PERCUTOR TIPO HILTI | D88: DIA | E88: =C88&D88 -> TALADRO PERCUTOR TIPO HILTIDIA | F88: 3 | G88: 2.94 | H88: 3642.06 | I88: 60701 | J88: =G88*I88 -> 178460.94
A89: 300055 | C89: VIBRADOR | D89: DIA | E89: =C89&D89 -> VIBRADORDIA | F89: 3 | G89: 0.384 | H89: 3046.26 | I89: 43518 | J89: =G89*I89 -> 16710.912
I93: VALOR TOTAL INSUMOS | J93: =SUM(J10:J92)/2 -> 65541680

Sheet MemoriaDeCant
A16: iniEncab | B16: =PRESUPUESTO!B7 | W16: MEMORIA DE CANTIDADES DE OBRA
B18: OBRA: | D18: =PRESUPUESTO!C9 -> PRESUPUESTO INTERVENCIÓN PUENTES GRAN COLOMBIA
A19: FinEncab
A23: emp | C23: MEMORIA DE CALCULO DE CANTIDADES DE OBRA | AY23: .
A24: cap | C24: =PRESUPUESTO!AG16 -> CAP. 1: PUENTE GRAN COLOMBIA | J24: ="ITEM " &PRESUPUESTO!$B$16 &": "& PRESUPUESTO!$C$16 -> ITEM 1.1: LOCALIZACION-REPLANTEO VIAS URBANAS | AI24: UNIDAD: | AP24: =PRESUPUESTO!$D$16 -> M
A25: Item 080108 | C25: =PRESUPUESTO!AI16 -> 0 | AI25: CANTIDAD: | AP25: =L35 -> 50
A26: actas
A27: dimen | C27: AREA O LUGAR | E27: DIMENSIONES | I27: V. PARCIAL | J27: N° DE ELEMENTOS | K27: UNIDAD | L27: TOTAL
E28: LONGITUD | F28: ANCHO | G28: ALTO | H28: PESO
A29: grp | C29: PUENTE GRAN COLOMBIA
A31: fila | C31: LOCALIZACION | E31: 50 | I31: =+E31 -> 50 | K31: =AP24 -> M | L31: =+I31 -> 50
A33: fila | I33: =+G33*E33*F33 -> 0 | K33: =AP24 -> M | L33: =I33*J33 -> 0
A35: cant | G35: Aproxima Resultado a : | H35: 2 | I35: Decimales | K35: TOTAL | L35: =ROUND(SUM(L29:L34),H35) -> 50
C38: Observaciones:
AH40: ="Item " & E25 & " Página 1 de 1 " -> Item Página 1 de 1
C42: CONTRATISTA: | L42: INTERVENTOR:
C43: FIRMA: | L43: FIRMA:
A44: contrat | D44: NOMBRE CONTRATISTA | M44: NOMBRE INTERVENTOR
A45: term | D45: M.P. No. (CONTRATISTA) | M45: M.P. No. (INTERVENTOR)
A46: term
A50: emp | C50: MEMORIA DE CALCULO DE CANTIDADES DE OBRA | AY50: .
A51: cap | C51: =PRESUPUESTO!AG17 -> CAP. 1: PUENTE GRAN COLOMBIA | J51: ="ITEM " &PRESUPUESTO!$B$17 &": "& PRESUPUESTO!$C$17 -> ITEM 1.2: DEMOLICION ANDEN/CONTRAPISO CONC.E 7.6 A 12CM | AI51: UNIDAD: | AP51: =PRESUPUESTO!$D$17 -> M2
A52: Item 100401 | C52: =PRESUPUESTO!AI17 -> 0 | AI52: CANTIDAD: | AP52: =L62 -> 10
A53: actas
A54: dimen | C54: AREA O LUGAR | E54: DIMENSIONES | I54: V. PARCIAL | J54: N° DE ELEMENTOS | K54: UNIDAD | L54: TOTAL
E55: LONGITUD | F55: ANCHO | G55: ALTO | H55: PESO
A56: grp | C56: PUENTE GRAN COLOMBIA | M56: #VALUE!
A58: fila | C58: DEMOLICION ANDEN | E58: 10 | F58: 1 | I58: =+E58*F58 -> 10 | K58: =AP51 -> M2 | L58: =+I58 -> 10
A60: fila | I60: =+G60*E60*F60 -> 0 | K60: =AP51 -> M2 | L60: =I60*J60 -> 0
A62: cant | G62: Aproxima Resultado a : | H62: 2 | I62: Decimales | K62: TOTAL | L62: =ROUND(SUM(L56:L61),H62) -> 10
C65: Observaciones:
AH67: ="Item " & E52 & " Página 1 de 1 " -> Item Página 1 de 1
C69: CONTRATISTA: | L69: INTERVENTOR:
C70: FIRMA: | L70: FIRMA:
A71: contrat | D71: NOMBRE CONTRATISTA | M71: NOMBRE INTERVENTOR
A72: term | D72: M.P. No. (CONTRATISTA) | M72: M.P. No. (INTERVENTOR)
A73: term
A77: emp | C77: MEMORIA DE CALCULO DE CANTIDADES DE OBRA | AY77: .
A78: cap | C78: =PRESUPUESTO!AG18 -> CAP. 1: PUENTE GRAN COLOMBIA | J78: ="ITEM " &PRESUPUESTO!$B$18 &": "& PRESUPUESTO!$C$18 -> ITEM 1.3: CONTRAPISO REFORZADO E=15CM 3.000Psi | AI78: UNIDAD: | AP78: =PRESUPUESTO!$D$18 -> M2
A79: Item 200129 | C79: =PRESUPUESTO!AI18 -> 0 | AI79: CANTIDAD: | AP79: =L89 -> 10
A80: actas
A81: dimen | C81: AREA O LUGAR | E81: DIMENSIONES | I81: V. PARCIAL | J81: N° DE ELEMENTOS | K81: UNIDAD | L81: TOTAL
E82: LONGITUD | F82: ANCHO | G82: ALTO | H82: PESO
A83: grp | C83: PUENTE COSTADO IZQUIERDO | M83: #VALUE!
A85: fila | C85: ANDEN CONTRAPISO E= 15CM | E85: 10 | F85: 1 | I85: =+F85*E85 -> 10 | K85: =AP78 -> M2 | L85: =+I85 -> 10
A87: fila | I87: =+G87*E87*F87 -> 0 | K87: =AP78 -> M2 | L87: =I87*J87 -> 0
A89: cant | G89: Aproxima Resultado a : | H89: 2 | I89: Decimales | K89: TOTAL | L89: =ROUND(SUM(L83:L88),H89) -> 10
C92: Observaciones:
AH94: ="Item " & E79 & " Página 1 de 1 " -> Item Página 1 de 1
C96: CONTRATISTA: | L96: INTERVENTOR:
C97: FIRMA: | L97: FIRMA:
A98: contrat | D98: NOMBRE CONTRATISTA | M98: NOMBRE INTERVENTOR
A99: term | D99: M.P. No. (CONTRATISTA) | M99: M.P. No. (INTERVENTOR)
A100: term
A104: emp | C104: MEMORIA DE CALCULO DE CANTIDADES DE OBRA | AY104: .
A105: cap | C105: =PRESUPUESTO!AG19 -> CAP. 1: PUENTE GRAN COLOMBIA | J105: ="ITEM " &PRESUPUESTO!$B$19 &": "& PRESUPUESTO!$C$19 -> ITEM 1.4: VIGA CIMIENTO ENLACE H=51-60CM 3100PSI | AI105: UNIDAD: | AP105: =PRESUPUESTO!$D$19 -> M3
A106: Item 120302 | C106: =PRESUPUESTO!AI19 -> 0 | AI106: CANTIDAD: | AP106: =L116 -> 1.2
A107: actas
A108: dimen | C108: AREA O LUGAR | E108: DIMENSIONES | I108: V. PARCIAL | J108: N° DE ELEMENTOS | K108: UNIDAD | L108: TOTAL
E109: LONGITUD | F109: ANCHO | G109: ALTO | H109: PESO
A110: grp | C110: PUENTE GRAN COLOMBIA | M110: #VALUE!
A112: fila | C112: BASE PARA ANDEN EN CONCRETO | E112: 10 | F112: 0.6 | G112: 0.2 | I112: =+G112*E112*F112 -> 1.2 | J112: 1 | K112: =AP105 -> M3 | L112: =I112*J112 -> 1.2
A114: fila | I114: =+G114*E114*F114 -> 0 | K114: =AP105 -> M3 | L114: =I114*J114 -> 0
A116: cant | G116: Aproxima Resultado a : | H116: 2 | I116: Decimales | K116: TOTAL | L116: =ROUND(SUM(L110:L115),H116) -> 1.2
C119: Observaciones:
AH121: ="Item " & E106 & " Página 1 de 1 " -> Item Página 1 de 1
C123: CONTRATISTA: | L123: INTERVENTOR:
C124: FIRMA: | L124: FIRMA:
A125: contrat | D125: NOMBRE CONTRATISTA | M125: NOMBRE INTERVENTOR
A126: term | D126: M.P. No. (CONTRATISTA) | M126: M.P. No. (INTERVENTOR)
A127: term
A131: emp | C131: MEMORIA DE CALCULO DE CANTIDADES DE OBRA | AY131: .
A132: cap | C132: =PRESUPUESTO!AG20 -> CAP. 1: PUENTE GRAN COLOMBIA | J132: ="ITEM " &PRESUPUESTO!$B$20 &": "& PRESUPUESTO!$C$20 -> ITEM 1.5: BARANDA-PASAM.LAMINA GALV 2,1/2x1,1/2x1,1/2 | AI132: UNIDAD: | AP132: =PRESUPUESTO!$D$20 -> M
A133: Item 220607 | C133: =PRESUPUESTO!AI20 -> 0 | AI133: CANTIDAD: | AP133: =L149 -> 30
A134: actas
A135: dimen | C135: AREA O LUGAR | E135: DIMENSIONES | I135: V. PARCIAL | J135: N° DE ELEMENTOS | K135: UNIDAD | L135: TOTAL
E136: LONGITUD | F136: ANCHO | G136: ALTO | H136: PESO
A137: grp | C137: PUENTE COSTADO IZQUIERDO | M137: #VALUE!
A139: fila | C139: BARANDAS | E139: 15 | I139: =+E139 -> 15 | J139: 1 | K139: =AP132 -> M | L139: =I139*J139 -> 15
A141: fila | I141: =+G141*E141*F141 -> 0 | K141: =AP132 -> M | L141: =I141*J141 -> 0
A143: grp | C143: PUENTE COSTADO DERECHO
A145: fila | C145: BARANDA | E145: 15 | I145: =+E145 -> 15 | J145: 1 | K145: =AP132 -> M | L145: =I145*J145 -> 15
A147: fila | I147: =+G147*E147*F147 -> 0 | K147: =AP132 -> M | L147: =I147*J147 -> 0
A149: cant | G149: Aproxima Resultado a : | H149: 2 | I149: Decimales | K149: TOTAL | L149: =ROUND(SUM(L137:L148),H149) -> 30
C152: Observaciones:
AH154: ="Item " & E133 & " Página 1 de 1 " -> Item Página 1 de 1
C156: CONTRATISTA: | L156: INTERVENTOR:
C157: FIRMA: | L157: FIRMA:
A158: contrat | D158: NOMBRE CONTRATISTA | M158: NOMBRE INTERVENTOR
A159: term | D159: M.P. No. (CONTRATISTA) | M159: M.P. No. (INTERVENTOR)
A160: term
A164: emp | C164: MEMORIA DE CALCULO DE CANTIDADES DE OBRA | AY164: .
A165: cap | C165: =PRESUPUESTO!AG21 -> CAP. 1: PUENTE GRAN COLOMBIA | J165: ="ITEM " &PRESUPUESTO!$B$21 &": "& PRESUPUESTO!$C$21 -> ITEM 1.6: MURO BLOQUE CONCRETO 14x19x39CM | AI165: UNIDAD: | AP165: =PRESUPUESTO!$D$21 -> M2
A166: Item 140107 | C166: =PRESUPUESTO!AI21 -> 0 | AI166: CANTIDAD: | AP166: =L176 -> 5
A167: actas
A168: dimen | C168: AREA O LUGAR | E168: DIMENSIONES | I168: V. PARCIAL | J168: N° DE ELEMENTOS | K168: UNIDAD | L168: TOTAL
E169: LONGITUD | F169: ANCHO | G169: ALTO | H169: PESO
A170: grp | C170: PUENTE LADO IZQUIERDO | M170: #VALUE!
A172: fila | C172: MURO BLOQUE CONCRETO | E172: 10 | G172: 0.5 | I172: =+G172*E172 -> 5 | J172: 1 | K172: =AP165 -> M2 | L172: =I172*J172 -> 5
A174: fila | I174: =+G174*E174*F174 -> 0 | K174: =AP165 -> M2 | L174: =I174*J174 -> 0
...
